Map: Emerald City LE

Players

OpuS - Winner!

  • Race: Protoss Protoss
  • League: Platinum
  • Spawn Location: 11:00

Sketchaphone - Winner!

  • Race: Zerg Zerg
  • League: Platinum
  • Spawn Location: 11:00

Dimsum

  • Race: Zerg Zerg
  • Spawn Location: 5:00

elijahjns

  • Race: Protoss Protoss
  • Spawn Location: 5:00

VOD

Have the link to the VOD?

Description

Time

  • Played on: Feb. 21, 2019, 10:16 p.m.
  • Length: 19:03
Show
View Real Time Build Order
Export as new Build Order

OpuS Protoss - Winner!

Build Orders:  

Get SALT Encoding   

  12  0:01  Probe  
  13  0:13  Probe  
  14  0:19  Pylon  
  14  0:25  Probe  
  15  0:37  Probe  
  15  0:39  Gateway  
  16  0:49  Probe  
  17  0:50  Assimilator  
  17  1:00  Probe  
  18  1:06  Assimilator  
  18  1:08  Probe  
  18  1:15  Gateway  
  18  1:18  Probe  
  20  1:32  Cybernetics Core  
  20  1:36  Pylon  
  20  1:43  Probe  
  21  1:48  Pylon  
  21  1:55  Probe  
  22  2:06  Probe  
  22  2:08  Warp Gate  
  23  2:09  Stalker  
  23  2:11  Stalker  
  23  2:14  Probe  
  28  2:41  Stalker x2  
  32  2:58  Probe  
  32  3:01  Gateway x2  
  32  3:07  Probe  
  32  3:08  Pylon  
  33  3:37  Nexus, Twilight Council  
  33  3:46  Pylon  
  33  4:01  Probe  
  34  4:06  Blink  
  34  4:14  Forge  
  34  4:17  Stalker  
  34  4:23  Stalker  
  38  4:45  Stalker  
  38  4:46  Stalker x2  
  38  4:49  Stalker  
  46  4:59  Probe x2  
  48  5:10  Shield Battery  
  48  5:11  Probe  
  48  5:12  Probe  
  50  5:19  Zealot x2  
  54  5:40  Stalker  
  54  5:41  Stalker x2  
  60  5:43  Stalker  
  60  5:49  Probe x2  
  64  6:04  Probe  
  64  6:05  Probe  
  52  6:31  Probe x2  
  50  6:33  Stalker x4  
  56  6:47  Probe x2  
  58  6:59  Probe x2  
  60  7:04  Stargate  
  60  7:05  Stargate  
  60  7:11  Probe x2  
  60  7:13  Stalker x2  
  66  7:17  Stalker  
  68  7:22  Assimilator  
  68  7:23  Probe x2  
  68  7:25  Assimilator  
  70  7:32  Pylon  
  70  7:41  Pylon  
  70  7:44  Pylon  
  70  7:50  Probe x2, Void Ray  
  72  7:55  Void Ray  
  76  8:02  Probe  
  79  8:10  Probe  
  80  8:15  Probe  
  81  8:25  Void Ray  
  81  8:26  Probe  
  79  8:27  Probe  
  79  8:31  Void Ray  
  87  8:46  Pylon  
  87  8:50  Pylon  
  87  8:58  Templar Archives, Void Ray  
  87  9:08  Stalker x2  
  87  9:09  Stalker  
  97  9:19  Void Ray  
  83  9:30  Probe x2  
  83  9:31  Void Ray  
  81  9:41  Stalker  
  81  9:42  Stalker  
  89  9:50  Probe  
  89  9:51  Probe  
  91  10:02  Stalker x2  
  95  10:17  Nexus, Psionic Storm  
  95  10:20  Pylon  
  95  10:35  Void Ray x2  
  103  10:45  Shield Battery  
  103  10:46  Shield Battery  
  103  10:48  Pylon  
  96  10:57  Stalker  
  96  10:58  Stalker  
  100  11:10  Probe x2  
  96  11:15  Stalker x2  
  98  11:21  High Templar  
  98  11:22  High Templar  
  102  11:31  Gateway  
  102  11:33  Gateway  
  102  11:34  Void Ray  
  102  11:37  Probe x3  
  109  11:49  Probe  
  110  11:55  Protoss Air Weapons Level 1  
  110  11:56  Stalker x2  
  110  11:57  Stalker x2  
  110  11:58  Probe  
  110  11:59  Probe  
  120  12:02  Assimilator  
  120  12:06  Assimilator  
  120  12:21  High Templar  
  122  12:32  Gateway  
  122  12:34  Gateway  
  122  12:35  Void Ray  
  126  12:42  Nexus  
  126  12:57  Void Ray  
  126  13:20  Void Ray  
  100  13:40  Void Ray  
  100  13:41  Stalker  
  80  13:42  Stalker x3  
  80  13:43  Stalker x4  
  94  13:57  Void Ray  
  94  14:06  Pylon  
  94  14:08  Pylon  
  98  14:10  Stalker x3  
  98  14:12  Assimilator  
  98  14:13  Void Ray  
  100  14:17  Assimilator  
  84  14:36  Stargate  
  76  14:38  Stargate  
  76  14:39  High Templar  
  70  14:55  Void Ray  
  63  15:21  Void Ray  
  63  15:22  Void Ray  
  64  15:38  Void Ray  
  66  16:04  Void Ray  
  66  16:10  Nexus  
  66  16:11  Void Ray  
  70  16:18  Pylon  
  74  16:33  Probe x2  
  76  16:43  Void Ray  
  80  17:08  Probe x2  
  82  17:20  Probe x2  
  84  17:26  Probe  
  84  17:28  Assimilator  
  85  17:32  Probe x2  
  87  17:37  Fleet Beacon  
  87  17:44  Probe x2  
  69  18:14  Void Ray  
  73  18:21  Probe x3  
Show
View Real Time Build Order
Export as new Build Order

Sketchaphone Zerg - Winner!

Build Orders: Hatch First, Lurkers 

Get SALT Encoding   

  12  0:01  Drone  
  13  0:13  Overlord  
  13  0:18  Drone  
  13  0:20  Extractor  
  13  0:23  Drone  
  15  0:32  Drone  
  16  0:38  Drone  
  17  0:54  Hatchery  
  16  0:58  Drone  
  16  1:01  Drone  
  16  1:04  Extractor  
  17  1:17  Spawning Pool  
  16  1:21  Drone  
  17  1:31  Drone  
  18  1:33  Drone  
  19  1:47  Overlord  
  19  1:51  Drone  
  20  2:05  Metabolic Boost  
  20  2:07  Queen  
  20  2:08  Queen  
  22  2:12  Drone  
  22  2:15  Zergling x2  
  26  2:22  Drone  
  27  2:23  Drone  
  27  2:24  Drone  
  27  2:28  Drone  
  30  2:47  Hatchery  
  30  2:58  Drone  
  30  2:59  Drone  
  30  3:01  Overlord, Drone  
  30  3:03  Overlord  
  32  3:08  Drone  
  33  3:16  Roach Warren  
  32  3:21  Lair  
  32  3:29  Zergling x6  
  35  3:38  Zergling x2  
  36  3:45  Drone x2  
  36  3:46  Drone  
  39  3:58  Spore Crawler  
  39  4:00  Spore Crawler  
  37  4:07  Roach  
  37  4:08  Roach x6  
  51  4:19  Roach x3  
  57  4:25  Overlord  
  53  4:31  Roach  
  53  4:34  Roach  
  57  4:40  Overlord x2, Extractor  
  56  4:58  Roach  
  58  5:00  Roach  
  58  5:02  Roach  
  53  5:13  Roach  
  51  5:25  Roach  
  52  5:29  Zergling x22  
  57  5:41  Roach  
  57  5:42  Roach  
  37  5:59  Drone x2  
  17  6:52  Drone  
  18  7:15  Drone x7  
  25  7:34  Drone  
  20  7:49  Drone x3  
  23  7:53  Drone  
  23  8:10  Drone  
  23  8:11  Drone  
  25  8:19  Drone  
  26  8:20  Drone  
  26  8:23  Spore Crawler  
  19  8:28  Drone  
  19  8:29  Drone  
  21  8:37  Drone  
  21  8:38  Drone x2  
  24  8:50  Drone x3  
  24  8:51  Drone x2  
  29  9:06  Zergling x10  
  32  9:18  Roach  
  32  9:21  Zergling x8  
  36  9:34  Drone x2  
  38  9:39  Roach  
  38  9:40  Roach  
  42  9:50  Overlord  
  42  9:51  Drone x3  
  45  9:53  Zergling x2  
  45  9:57  Evolution Chamber  
  42  10:07  Drone x3  
  45  10:14  Drone  
  45  10:15  Zergling x2, Drone  
  45  10:16  Queen x2  
  46  10:33  Drone x5  
  51  10:42  Roach  
  53  10:46  Drone  
  53  10:47  Hydralisk Den, Drone  
  53  10:48  Roach  
  53  10:49  Roach  
  58  10:57  Roach  
  58  10:58  Roach  
  62  11:05  Roach  
  62  11:06  Zergling x4  
  62  11:10  Zergling x2  
  67  11:16  Roach  
  69  11:31  Evolution Chamber  
  69  11:32  Extractor  
  67  11:33  Extractor  
  66  11:40  Extractor  
  66  11:41  Extractor  
  66  11:44  Zergling x2  
  66  11:45  Lurker Den, Zergling x6  
  66  11:46  Drone x6  
  73  11:47  Zergling x2  
  73  11:49  Overlord x2  
  74  12:00  Overlord x2  
  74  12:06  Overlord  
  74  12:07  Drone  
  74  12:08  Drone  
  76  12:14  Hydralisk x3  
  82  12:17  Overlord  
  82  12:27  Zerg Melee Weapons Level 1  
  82  12:28  Hydralisk  
  82  12:29  Hydralisk x2  
  88  12:34  Hydralisk x3  
  84  13:16  Hydralisk x4  
  84  13:18  Lurker x2  
  84  13:19  Zergling x2, Lurker x3  
  98  13:20  Zergling x18  
  107  13:31  Zergling x10  
  107  13:33  Zergling x2  
  93  14:08  Pneumatized Carapace  
  81  14:36  Overlord  
  81  14:37  Zergling x18  
  81  14:38  Zergling x10  
  95  14:45  Queen  
  93  15:09  Zergling x12  
  96  15:19  Zergling x18  
  103  15:32  Hydralisk x2  
  103  15:33  Hydralisk x2  
  108  15:43  Zergling x6  
  97  16:03  Zerg Missile Weapons Level 1  
  95  16:05  Grooved Spines  
  95  16:12  Zergling x2, Hydralisk  
  95  16:13  Overlord  
  95  16:14  Overlord  
  95  16:15  Overlord  
  95  16:16  Overlord  
  95  16:18  Zergling x2  
  99  16:19  Roach  
  99  16:20  Roach x2  
  105  16:26  Drone x3  
  108  16:52  Overseer  
  108  16:53  Hatchery  
  107  17:02  Infestation Pit  
  106  17:22  Roach x5  
  115  17:31  Ravager  
  115  17:32  Ravager  
  115  17:33  Ravager, Lurker  
  115  17:34  Lurker x3  
  122  17:42  Infestor  
  122  17:43  Infestor x3  
  130  17:47  Burrow  
  130  17:55  Zergling x16  
  115  18:25  Drone  
  115  18:26  Drone x8  
  123  18:36  Drone  
  113  19:00  Hatchery  
Show
View Real Time Build Order
Export as new Build Order

Dimsum Zerg 

Build Orders: Hatch First 

Get SALT Encoding   

  12  0:07  Overlord  
  12  0:12  Drone  
  13  0:17  Drone  
  14  0:26  Drone  
  15  0:30  Drone  
  16  0:40  Drone  
  17  0:56  Hatchery  
  16  0:57  Drone  
  17  1:14  Spawning Pool  
  17  1:15  Drone  
  17  1:16  Drone  
  18  1:23  Drone  
  19  1:27  Extractor x2  
  17  1:34  Drone  
  18  1:47  Drone  
  19  1:56  Drone  
  20  2:01  Queen  
  20  2:07  Overlord  
  22  2:09  Queen  
  22  2:11  Drone  
  25  2:16  Metabolic Boost  
  25  2:23  Zergling x2  
  25  2:24  Zergling x2  
  25  2:29  Drone  
  28  2:32  Spine Crawler  
  27  2:38  Drone  
  27  2:42  Drone  
  29  2:46  Spine Crawler  
  29  2:47  Drone  
  29  2:52  Drone  
  29  2:55  Baneling Nest  
  29  2:57  Drone  
  30  3:02  Drone  
  30  3:05  Drone  
  32  3:11  Drone x2  
  32  3:12  Drone  
  35  3:14  Overlord  
  35  3:16  Drone  
  36  3:33  Zergling x2  
  37  3:34  Zergling x6  
  37  3:37  Zergling x2  
  37  3:40  Zergling x2  
  42  3:41  Zergling x2  
  42  3:42  Zergling x2  
  42  3:43  Overlord  
  44  3:54  Zergling x2  
  44  3:55  Zergling x2  
  43  4:08  Zergling x8  
  47  4:11  Extractor  
  47  4:13  Extractor  
  45  4:23  Drone x3  
  47  4:36  Baneling x4  
  47  4:40  Zergling x4  
  45  5:26  Zergling x2  
  45  5:27  Zergling x12  
  45  5:28  Overlord  
  47  5:39  Zergling x2  
  47  5:40  Zergling x4  
  47  5:57  Zergling x4  
  41  6:05  Roach Warren  
  41  6:11  Zergling x8  
  43  6:28  Hatchery  
  42  6:34  Hatchery  
  36  6:47  Hatchery  
  35  6:57  Hatchery x2  
  35  6:58  Hatchery  
  32  7:01  Roach  
  32  7:02  Roach x6  
  32  7:03  Hatchery  
  32  7:05  Extractor  
  44  7:08  Extractor  
  44  7:15  Queen  
  46  7:31  Baneling x2  
  46  7:33  Drone x6  
  52  7:40  Overlord x3  
  52  7:43  Hatchery  
  51  7:51  Lair  
  47  8:07  Roach x6  
  57  8:33  Roach x6  
  69  8:36  Drone x2  
  71  9:26  Roach  
  63  9:34  Roach  
  63  9:35  Roach x12  
  73  9:38  Drone  
  73  9:44  Drone  
  73  9:45  Drone  
  76  9:49  Drone x2  
  77  10:03  Glial Reconstitution  
  77  10:07  Hydralisk Den  
  76  10:14  Drone  
  76  10:15  Drone x2  
  79  10:37  Drone x4  
  42  11:19  Hydralisk  
  42  11:20  Hydralisk x13  
  42  11:21  Hydralisk  
  72  11:29  Drone  
  73  11:33  Grooved Spines  
  73  11:43  Drone x2  
  75  12:02  Drone  
  75  12:05  Evolution Chamber  
  75  12:06  Evolution Chamber  
  74  12:19  Overseer  
  74  12:28  Drone x3  
  74  12:29  Queen  
  79  12:30  Hydralisk  
  79  12:31  Hydralisk x9  
  99  12:39  Zerg Missile Weapons Level 1  
  99  12:42  Zerg Ground Armor Level 1  
  99  12:45  Muscular Augments  
  81  13:15  Hydralisk x9  
  86  13:49  Hatchery  
  85  14:01  Roach  
  85  14:02  Roach x2  
  81  14:38  Hydralisk x5  
  91  15:00  Overlord  
  91  15:01  Overlord x3  
  89  15:18  Hydralisk x10  
  83  15:37  Roach  
  83  15:38  Roach  
  83  15:40  Drone  
  70  16:19  Hatchery  
  69  16:25  Lurker Den  
  68  16:40  Overseer x2  
  42  18:33  Roach x13  
  42  18:34  Roach x5  
Show
View Real Time Build Order
Export as new Build Order

elijahjns Protoss 

Build Orders: Phoenix Opening 

Get SALT Encoding   

  12  0:03  Probe  
  13  0:15  Probe  
  13  0:21  Pylon  
  14  0:27  Probe  
  15  0:39  Probe  
  15  0:41  Gateway  
  15  1:11  Assimilator  
  15  1:13  Probe, Assimilator  
  15  1:18  Pylon  
  16  1:21  Probe  
  17  1:30  Probe  
  17  1:35  Cybernetics Core  
  17  1:38  Probe  
  18  1:40  Zealot  
  18  1:46  Probe  
  21  1:51  Pylon  
  22  1:57  Probe  
  23  2:09  Probe  
  23  2:15  Stargate  
  24  2:46  Nexus  
  24  2:48  Assimilator  
  24  2:50  Phoenix  
  26  3:07  Phoenix  
  26  3:18  Shield Battery  
  28  3:22  Probe  
  29  3:37  Probe  
  30  3:45  Pylon  
  32  3:53  Stargate  
  32  3:57  Void Ray  
  34  4:19  Probe  
  34  4:21  Forge  
  35  4:27  Probe  
  35  4:37  Probe  
  36  4:39  Probe  
  38  4:49  Probe  
  38  4:50  Shield Battery  
  38  4:51  Probe  
  40  4:56  Pylon  
  40  5:01  Probe  
  40  5:03  Probe  
  42  5:13  Probe  
  43  5:14  Void Ray  
  43  5:15  Probe  
  44  5:23  Void Ray  
  44  5:27  Probe  
  48  6:42  Nexus  
  48  6:55  Nexus  
  48  7:14  Pylon  
  48  8:35  Void Ray x2  
  56  8:47  Photon Cannon  
  56  8:50  Probe  
  57  9:01  Photon Cannon  
  58  9:02  Probe  
  58  9:09  Void Ray  
  58  9:15  Probe  
  59  9:20  Void Ray  
  49  9:41  Void Ray  
  49  9:44  Assimilator  
  49  9:45  Pylon  
  49  9:46  Pylon  
  53  10:02  Void Ray  
  57  10:37  Void Ray  
  61  10:45  Void Ray  
  65  11:19  Nexus  
  65  11:21  Pylon  
  65  11:23  Pylon  
  65  11:30  Void Ray  
  69  11:34  Probe  
  70  11:46  Probe  
  71  11:51  Cybernetics Core  
  71  11:58  Probe  
  72  12:01  Photon Cannon  
  72  12:31  Void Ray x2  
  72  12:35  Probe  
  65  13:44  Nexus  
  65  13:53  Pylon  
  65  13:55  Photon Cannon  
  65  13:59  Pylon  
  65  14:16  Void Ray  
  69  14:51  Void Ray  
  73  15:12  Void Ray  
  69  15:29  Void Ray  
  69  15:32  Photon Cannon  
  73  15:48  Void Ray  
  77  15:59  Photon Cannon  
  77  16:05  Void Ray  
  80  16:28  Void Ray  
  84  16:56  Nexus  
  84  17:51  Void Ray  
  84  17:52  Nexus, Void Ray  
  40  18:23  Probe  
Tags
 
Add a new tag
Caveats
  • Supply blocks, unpowered buildings, or Contaminate may cause inaccurate times.
  • Supply counts are checked every 10 seconds.